AoeStats
← m07med.3yed

Arena

510166014Analyzed
3v3 RM · 2d ago on Sep 29, 2026· 43m 54s· 6 players
Game mode
Random Map
Map size
Normal (6 player)
Population
200
Speed
Normal
Resources
Standard
Victory
Conquest
Starting age
Dark Age
Ending age
Imperial Age
RankedLock teamsTeams togetherTeam positionsShared explorationLock speedFull tech treeHidden civsTurbo modeCheats
Victory
Defeat
🇨🇦 Byzantines · Canada
522
+18
🇵🇱 Maya · Poland
492
+19
🇲🇽 Bohemians · Mexico
438
+21
🇦🇷 Byzantines · Argentina
656
-24
🇵🇸 Romans · Palestinian Territories
564
-20
🇦🇷 Ethiopians · Argentina
433
-14
DAZACO
10:19 Feudal Age
11:13 Double-Bit Axe
11:10 Horse Collar
17:37 Castle Age
17:01 Arson
18:57 Bow Saw
20:03 Heavy Plow
20:25 Gambesons
20:47 Man-at-Arms
22:02 Long Swordsman
23:05 Gold Mining
23:56 Squires
24:35 Scale Mail Armor
27:02 Chain Mail Armor
32:40 Forging
f_arlo
1:00 Loom
13:13 Feudal Age
14:01 Double-Bit Axe
14:09 Horse Collar
22:08 Castle Age
21:10 Man-at-Arms
22:25 Long Swordsman
23:07 Pikeman
25:53 Squires
25:39 Arson
30:48 Bow Saw
34:47 Wagenburg Tactics
35:58 Fervor
36:58 Sanctity
39:24 Chemistry
41:25 Forging
41:16 Scale Mail Armor
41:21 Scale Barding Armor
41:17 Padded Archer Armor
41:07 Fletching
42:38 Caravan
44:27 Wheelbarrow
Tosti133
19:48 Feudal Age
22:28 Wheelbarrow
22:50 Horse Collar
23:01 Double-Bit Axe
23:31 Forging
23:22 Scale Mail Armor
23:24 Padded Archer Armor
23:14 Fletching
23:22 Stone Mining
23:24 Gold Mining
27:56 Castle Age
30:22 Hand Cart
30:34 Caravan
30:14 Crossbowman
31:28 Bow Saw
33:33 Squires
32:55 Pikeman
34:27 Thumb Ring
35:19 Bodkin Arrow
35:39 Leather Archer Armor
35:40 Chain Mail Armor
36:01 Iron Casting
38:03 Imperial Age
38:54 Bracer
39:25 Ring Archer Armor
39:26 Plate Mail Armor
38:51 Capped Ram
39:50 Arbalester
41:35 Blast Furnace
40:58 Halberdier
m07med.3yed
0:42 Loom
13:33 Feudal Age
17:40 Double-Bit Axe
18:16 Stone Mining
18:17 Gold Mining
19:03 Town Watch
19:54 Wheelbarrow
23:33 Scale Barding Armor
23:28 Scale Mail Armor
23:39 Forging
23:19 Fletching
23:30 Padded Archer Armor
26:01 Castle Age
Wilchester
11:37 Feudal Age
12:03 Double-Bit Axe
12:02 Horse Collar
13:33 Town Watch
14:34 Loom
17:35 Gold Mining
23:01 Castle Age
22:08 Fletching
22:13 Stone Mining
22:59 Forging
22:38 Arson
23:35 Scale Mail Armor
23:47 Squires
23:49 Heavy Plow
24:02 Bow Saw
24:21 Bodkin Arrow
26:12 Murder Holes
27:18 Wheelbarrow
28:01 Gold Shaft Mining
28:20 Hand Cart
29:05 Ballistics
30:00 Masonry
31:21 Fortified Wall
31:17 Royal Heirs
31:56 Iron Casting
34:08 Stone Shaft Mining
36:56 Imperial Age
36:16 Chain Mail Armor
38:00 Bracer
Sir Pepe84
0:30 Loom
12:10 Feudal Age
12:39 Double-Bit Axe
13:32 Wheelbarrow
12:40 Horse Collar
12:53 Stone Mining
21:20 Gold Mining
21:31 Fletching
27:08 Castle Age
25:40 Forging
25:31 Scale Mail Armor
25:31 Padded Archer Armor
25:38 Scale Barding Armor
25:51 Arson
25:28 Man-at-Arms
28:41 Bow Saw
28:32 Heavy Plow
Connection lost

Rejoining the realm…

Still unreachable

The connection could not be restored.

Session expired

The server has moved on; the page needs a fresh start.